 Dungeon Crawl Stone Soup version 0.31.0-9-g3a7656b989 (webtiles) character file.

Game seed: 6107319881977892827

606 qw the Shooter (level 7, -2/35 HPs)
             Began as a Spriggan Hunter on Feb 2, 2024.
             Slain by a phantom (7 damage)
             ... on level 5 of the Dungeon.
             The game lasted 00:00:11 (3358 turns).

qw the Shooter (Spriggan Hunter)                    Turns: 3358, Time: 00:00:11

Health: -2/35      AC:  2    Str:  7    XL:     7   Next: 19%
Magic:  8/8        EV: 27    Int: 11    God:
Gold:   253        SH:  0    Dex: 20    Spells: 6/6 levels left

rFire   . . .        a - +1 shortbow (freeze)
rCold   . . .        (shield currently unavailable)
rNeg    . . .        c - +0 robe
rPois   .            (helmet restricted)
rElec   .            (no cloak)
rCorr   .            (gloves unavailable)
SInv    +            (boots unavailable)
Will    +....        (no amulet)
Stlth   ++           i - +5 ring of evasion
HPRegen 0.25/turn    (no ring)
MPRegen 0.11/turn

%: no passive effects
@: very quick
A: very small, no large weapons, unfitting armour, see invisible, speed 3
a: no special abilities


You were on level 5 of the Dungeon.
You visited 1 branch of the dungeon, and saw 5 of its levels.

You collected 253 gold pieces.


Innate Abilities, Weirdness & Mutations

You are very small and have problems with some larger weapons.
You are too small for most types of armour.
You have supernaturally acute eyesight. (SInv)
You cover ground extremely quickly. (Speed+++)


   Skills:
 - Level 2.1 Fighting
 - Level 7.2 Ranged Weapons
 + Level 6.6 Dodging
 - Level 1.5 Stealth


You had 6 spell levels left.
You didn't know any spells.
Your spell library was empty.

Inventory:

Hand Weapons
 a - a +1 shortbow of freezing (weapon)
Armour
 c - a +0 robe (worn)
Jewellery
 d - a ring of fire
 i - a +5 ring of evasion (left hand)
Wands
 b - a wand of polymorph (7)
Potions
 e - 4 potions of might
 f - a potion of enlightenment
 g - a potion of attraction {unknown}
 h - a potion of ambrosia {unknown}
 j - a potion of haste {unknown}

Dungeon Overview and Level Annotations

Branches:
Dungeon (5/15)
 Temple: D:4-7

Altars:
Elyvilon
Sif Muna
Wu Jian

Annotations:
D:4 2 transporters


Message History

The troll bites you. The troll completely misses you. The troll claws you!
You shoot an arrow. The arrow hits the troll!
The arrow freezes the troll.
The troll is almost dead.
The troll completely misses you. The troll barely misses you.
The troll completely misses you.
You shoot an arrow. The arrow barely misses the troll.
The arrow barely misses the hound.
The troll misses you. The troll completely misses you. x2
You shoot an arrow. The arrow closely misses the troll.
The arrow hits the hound but does no damage.
The troll barely misses you. The troll claws you. The troll closely misses you.
The troll misses you. The troll claws you! The troll misses you.
You shoot an arrow. The arrow hits the troll!
The arrow freezes the troll.
You kill the troll!
The hound misses you.
Your Ranged Weapons skill increases to level 7!
You have reached level 7!
You shoot an arrow. The arrow hits the hound.
The arrow freezes the hound.
The hound is lightly wounded.
A hound comes into view.
The hound bites you.
The hound moves out of view.
You shoot an arrow. The arrow closely misses the hound.
The arrow closely misses the acid dragon.
The hound misses you. The hound completely misses you.
You shoot an arrow. The arrow hits the hound!
The arrow freezes the hound.
The hound is severely wounded.
The hound misses you.
An iguana comes into view.
You shoot an arrow. The iguana hisses angrily.
The arrow hits the hound!
The arrow freezes the hound.
You kill the hound!
You shoot an arrow.
The arrow hits the phantom but does no damage.
The hound stops to sniff the ground.
The phantom completely misses you.
You shoot an arrow.
The arrow hits the phantom but does no damage.
The phantom hits you!
You die...

#########
###@WD..$.#
###..##h......
##..###
##..... ##
##..## l... #.
##..## ...
#.#####..## .#
#..##...## #
#......##
##.....#


You could see an acid dragon, a phantom, an iguana and a hound.

Vanquished Creatures
  A troll (D:5)
  A black bear (D:5)
  3 hounds
  A gnoll bouda (D:4)
  An orc wizard (D:3)
  3 gnolls (D:4)
  5 adders
  2 dart slugs
  A ribbon worm (D:2)
  12 orcs
  3 ball pythons
  10 endoplasms
  4 giant cockroaches
  7 goblins
  5 hobgoblins
  2 jackals (D:2)
  4 kobolds
  2 quokkas
  5 bats
  2 frilled lizards
  6 rats
80 creatures vanquished.

Notes
Turn   | Place    | Note
-------+----------+-------------------------------------------
     0 | D:1      | qw the Spriggan Hunter began the quest for the Orb.
     0 | D:1      | Reached XP level 1. HP: 10/10 MP: 2/2
     0 | D:1      | 0 ||| qw: Version: 0.3-a-155-g5e7d8dd
     0 | D:1      | 0 ||| qw: Game counter: 958
     0 | D:1      | 0 ||| qw: Melee chars always use a shield: true
     0 | D:1      | 0 ||| qw: God list: Okawaru
     0 | D:1      | 0 ||| qw: Allow faded altars: false
     0 | D:1      | 0 ||| qw: Do Orc after clearing Dungeon:15 true
     0 | D:1      | 0 ||| qw: Do second Lair branch before Depths: true
     0 | D:1      | 0 ||| qw: Lair rune preference: random
     0 | D:1      | 0 ||| qw: Goals: Normal
     0 | D:1      | 0 ||| PLANNING D:1-11
    21 | D:1      | Reached skill level 3 in Dodging
    85 | D:1      | Reached XP level 2. HP: 14/14 MP: 3/3
   670 | D:1      | 670 ||| READING 2 scrolls labelled BOEVVI BATZEDA.
   670 | D:1      | 670 ||| IDENTIFYING metallic green potion
   671 | D:1      | 671 ||| READING scroll of identify.
   671 | D:1      | 671 ||| IDENTIFYING emerald potion
   672 | D:1      | 672 ||| READING scroll labelled LUATUL IRCHAXTILLI.
   672 | D:1      | 672 ||| ENCHANTING +0 shortbow.
   673 | D:1      | 673 ||| READING scroll labelled VIUSKO GIRPHOAV.
   774 | D:1      | 774 ||| DROPPING scroll of butterflies.
   846 | D:2      | Reached XP level 3. HP: 12/18 MP: 4/4
  1380 | D:2      | Found a faded altar of an unknown god.
  1566 | D:2      | Reached skill level 5 in Ranged Weapons
  1697 | D:2      | 1697 ||| READING 2 scrolls of identify.
  1697 | D:2      | 1697 ||| IDENTIFYING sedimented yellow potion
  1698 | D:2      | 1698 ||| READING scroll of identify.
  1698 | D:2      | 1698 ||| IDENTIFYING brown potion
  1699 | D:2      | 1699 ||| READING 2 scrolls labelled RAEZYU SER RAU.
  1700 | D:2      | 1700 ||| READING scroll labelled WOBBUYROAG.
  1705 | D:2      | 1705 ||| READING scroll labelled TOCRUOJETE.
  1706 | D:2      | 1706 ||| DROPPING scroll of blinking.
  1707 | D:2      | 1707 ||| DROPPING potion of magic.
  1708 | D:2      | 1708 ||| DROPPING potion of degeneration.
  1753 | D:3      | Reached XP level 4. HP: 22/22 MP: 5/5
  2158 | D:3      | 2158 ||| DRINKING potion of curing.
  2158 | D:3      | 2158 ||| (to cure confusion)
  2161 | D:3      | Reached XP level 5. HP: 26/26 MP: 6/6
  2389 | D:3      | 2389 ||| READING scroll of identify.
  2389 | D:3      | 2389 ||| IDENTIFYING orange potion
  2390 | D:3      | 2390 ||| READING scroll labelled IJORAGR GANT.
  2391 | D:3      | 2391 ||| READING 2 scrolls labelled ULI BIXTYMUTH.
  2391 | D:3      | 2391 ||| BRANDING +0 shortbow.
  2392 | D:3      | 2392 ||| READING scroll of brand weapon.
  2392 | D:3      | 2392 ||| BRANDING +0 shortbow of flaming.
  2418 | D:4      | Found an ornate altar of the Wu Jian Council.
  2418 | D:4      | Noticed a sky beast
  2419 | D:4      | Found a transporter.
  2419 | D:4      | Found a white marble altar of Elyvilon.
  2420 | D:4      | Found a shimmering blue altar of Sif Muna.
  2441 | D:4      | Found a transporter.
  2795 | D:4      | Reached skill level 6 in Ranged Weapons
  2795 | D:4      | Reached XP level 6. HP: 30/30 MP: 7/7
  3202 | D:4      | 3202 ||| UPGRADING to +5 ring of evasion.
  3203 | D:4      | 3203 ||| READING scroll labelled DUCKAN CYZA.
  3203 | D:4      | 3203 ||| ENCHANTING +0 shortbow of freezing.
  3240 | D:5      | Entered Level 5 of the Dungeon
  3241 | D:5      | 3241 ||| PLANNING OSSUARY
  3250 | D:5      | Reached skill level 6 in Dodging
  3336 | D:5      | Noticed a troll
  3343 | D:5      | 3343 ||| RETREEEEATING.
  3345 | D:5      | Noticed an acid dragon
  3351 | D:5      | HP: 4/30 [troll (7)]
  3352 | D:5      | Killed a troll
  3353 | D:5      | Reached skill level 7 in Ranged Weapons
  3353 | D:5      | Reached XP level 7. HP: 5/35 MP: 8/8
  3358 | D:5      | Slain by a phantom

Levels and vault maps discovered:
D:1:      dpeg_arrival_stonehenge_8_columns, layout_basic
D:2:      layout_loops_corners, hellmonk_ecumenical_altar_pennies_from_heaven
D:3:      layout_loops_ring
D:4:      layout_loops_ring, gammafunk_temple_overflow_arena, roderic_lattice_a
D:5:      layout_layer_cave, enter_ossuary_2, minmay_manual_monstrance

Skill      XL: |  1  2  3  4  5  6 |
---------------+-------------------+-----
Dodging        | 3 4 5 6 |  6.6
Ranged Weapons | 5 6 7 |  7.2
Fighting       | 2 |  2.1
Stealth        | |  1.5

Action                     |  1- 3 |  4- 6 |  7- 9 || total
---------------------------+-------+-------+-------++-------
   Fire: Shortbow          |    98 |   133 |     6 ||   237
    Use: Scroll            |     9 |     5 |       ||    14
         Potion            |       |     1 |       ||     1
 Armour: Robe              |     5 |    17 |     2 ||    24
  Dodge: Dodged            |    28 |    62 |     4 ||    94

Table legend:
 A = Non-vault XP
 B = Vault XP
 C = Vault XP percentage of total XP
 D = Non-vault monster count
 E = Vault monster count
 F = Vault count percentage of total count
                 A         B        C        D         E       F
            +---------+---------+-------+---------+---------+-------
      Total |     567 |     299 |  34.5 |      78 |       2 |   2.5
            +---------+---------+-------+---------+---------+-------
        D:1 |      31 |       0 |   0.0 |      18 |       0 |   0.0
        D:2 |      60 |       0 |   0.0 |      18 |       0 |   0.0
        D:3 |     147 |       0 |   0.0 |      21 |       0 |   0.0
        D:4 |     157 |       0 |   0.0 |      18 |       0 |   0.0
        D:5 |     172 |     299 |  63.5 |       3 |       2 |  40.0
            +---------+---------+-------+---------+---------+-------
